 Dungeon Crawl Stone Soup version 0.21-a0-361-g4efd3f9 (webtiles) character file.

2200 Dfrag the Conjurer (level 9, -1/57 HPs)
             Began as a Demonspawn Fire Elementalist on Oct 13, 2017.
             Was a Believer of Vehumet.
             Slain by a wyvern skeleton (7 damage)
             ... on level 7 of the Dungeon.
             The game lasted 00:08:53 (6414 turns).

Dfrag the Conjurer (Demonspawn Fire Elementalist)   Turns: 6414, Time: 00:08:54

Health: -1/57      AC:  8    Str:  9    XL:     9   Next: 12%
Magic:  0/19       EV: 12    Int: 19    God:    Vehumet [**....]
Gold:   282        SH:  0    Dex: 14    Spells: 8/21 levels left

rFire    + . .     SeeInvis .   e - +2 short sword (venom)
rCold    x . .     Gourm    .   (no shield)
rNeg     . . .     Faith    .   v - +1 robe {Archmagi}
rPois    .         Spirit   +   (no helmet)
rElec    .         Reflect  .   y - +0 cloak
rCorr    .         Harm     .   (no gloves)
MR       .....                  p - +0 pair of boots
Stlth    ++........             (no amulet)
HPRegen  0.19/turn              F - ring of fire
MPRegen  0.16/turn              n - ring of wizardry

@: no status effects
A: hooves 1, slimy green scales 2, magic shield
a: Renounce Religion


You were on level 7 of the Dungeon.
You worshipped Vehumet.
Vehumet was pleased with you.
You were hungry.

You visited 2 branches of the dungeon, and saw 8 of its levels.

You collected 282 gold pieces.

Inventory:

Hand Weapons
 e - a +2 short sword of venom (weapon)
Armour
 p - a +0 pair of boots (worn)
 v - a +1 robe of the Archmagi (worn)
 y - a +0 cloak (worn)
Jewellery
 i - an uncursed ring of poison resistance
 n - a ring of wizardry (right hand)
 F - a ring of fire (left hand)
Scrolls
 d - 2 scrolls of recharging {unknown}
 g - 4 scrolls of teleportation
 h - 3 scrolls of magic mapping
 j - 5 scrolls of remove curse
 l - a scroll of blinking {unknown}
 m - 4 scrolls of identify
 x - a scroll of noise {unknown}
 A - a scroll of brand weapon {unknown}
 C - a scroll of fear {unknown}
 E - a scroll of enchant armour {unknown}
Potions
 k - 2 potions of brilliance {unknown}
 o - 4 potions of agility {unknown}
 q - a potion of degeneration {unknown}
 r - a potion of invisibility {unknown}
 s - a potion of magic {unknown}
 u - a potion of flight {unknown}
 z - a potion of might {unknown}
Books
 b - a book of Flames

   Spells                             Type                      Level
   a - Flame Tongue                   Conjuration/Fire             1
   b - Throw Flame                    Conjuration/Fire             2
   c - Conjure Flame                  Conjuration/Fire             3
   d - Inner Flame                    Hexes/Fire                   3
   e - Sticky Flame                   Conjuration/Fire             4
   f - Fireball                       Conjuration/Fire             5
 t - a book of Minor Magic

   Spells                             Type                      Level
   a - Magic Dart                     Conjuration                  1
   b - Blink                          Translocation                2
   c - Call Imp                       Summoning                    2
   d - Slow                           Hexes                        2
   e - Conjure Flame                  Conjuration/Fire             3
   f - Mephitic Cloud                 Conjuration/Poison/Air       3
 w - a book of Geomancy

   Spells                             Type                      Level
   a - Sandblast                      Earth                        1
   b - Passwall                       Transmutation/Earth          2
   c - Stone Arrow                    Conjuration/Earth            3
   d - Petrify                        Transmutation/Earth          4
   e - Lee's Rapid Deconstruction     Earth                        5
 G - a book of Changes

   Spells                             Type                      Level
   a - Beastly Appendage              Transmutation                1
   b - Sticks to Snakes               Transmutation                2
   c - Spider Form                    Transmutation/Poison         3
   d - Ice Form                       Ice/Transmutation            4
   e - Blade Hands                    Transmutation                5
Comestibles
 a - 2 meat rations
 c - 5 bread rations
 f - 3 royal jellies
 B - 5 chunks of flesh
 H - 4 fruits


   Skills:
 - Level 1.7 Dodging
 - Level 1.7 Stealth
 + Level 6.6 Spellcasting
 + Level 7.0 Conjurations
 + Level 7.0 Fire Magic


You had 8 spell levels left.
You knew the following spells:

 Your Spells              Type           Power        Failure   Level  Hunger
a - Flame Tongue          Conj/Fire      #####        1%          1    None
b - Conjure Flame         Conj/Fire      ######..     1%          3    ##.....
c - Sticky Flame          Conj/Fire      ######..     2%          4    ####...
d - Fireball              Conj/Fire      ######....   6%          5    #####..


Dungeon Overview and Level Annotations

Branches:
Dungeon (7/15)             Temple (1/1) D:5

Altars:
Ashenzari
Fedhas
Gozag
Hepliaklqana
Kikubaaqudgha
Makhleb
Nemelex Xobeh
Qazlal
Uskayaw
Vehumet
Wu Jian
Xom
Yredelemnul
Zin

Shops:
D:6 =%

Annotations:
D:2 1 runed door


Innate Abilities, Weirdness & Mutations

You have large cloven feet.
You are mostly covered in slimy green scales. (AC +3)
When hurt, damage is shared between your health and your magic reserves.


Message History

The wyvern skeleton is almost destroyed.
The wyvern skeleton bites you.
* * * LOW HITPOINT WARNING * * *
The wyvern skeleton bites you!
* * * LOW HITPOINT WARNING * * *
You feel better. The wyvern skeleton bites you!
* * * LOW HITPOINT WARNING * * *
Casting: Sticky Flame
Confirm with . or Enter, or press ? or * to list all spells.
Aiming: Flame Tongue
Press: ? - help, Shift-Dir - straight line, f/p - wyvern skeleton
Aim: a wyvern skeleton (almost destroyed)
You feel a strong surge of power!
The flame tongue hits the wyvern skeleton.
The wyvern skeleton is almost destroyed.
The wyvern skeleton bites you but does no damage.
You barely miss the wyvern skeleton.
The wyvern skeleton is almost destroyed.
The wyvern skeleton bites you!
You die...

..####.## ###
#..# #.#
#######.######
#.#
......)......#
#.#
.............#
#.#
.......).....#
#.#
.............#
#.#
.............#
#.#
.............#
#@#
.............#
#Z#
####.......###
#.# #.......#
#.# #.......#
#.# #.......##
#.# #........#
#.# ########.#
#.# #.## #.#


You could see a wyvern skeleton.

Vanquished Creatures
  Sigmund (D:5)
  2 orc warriors
  2 ogres
  A phantom (D:6)
  3 centaurs
  5 bullfrogs
  2 scorpions
  3 howler monkeys (D:7)
  2 crimson imps (D:5)
  A jelly (D:5)
  A bullfrog skeleton (D:7)
  3 orc wizards
  Crazy Yiuf (D:4)
  4 orc priests
  An iguana (D:5)
  3 worker ants (D:5)
  A hound zombie (D:5)
  A hound skeleton (D:6)
  A worker ant zombie (D:5)
  4 gnolls (D:3)
  15 adders
  5 shadow imps
  2 oozes (D:5)
  An adder skeleton (D:5)
  A worm (D:4)
  3 leopard geckos
  26 orcs
  10 bats
  8 giant cockroaches
  8 goblins
  6 hobgoblins
  3 jackals
  A quokka (D:2)
  3 ball pythons
  6 frilled lizards
  A jackal skeleton (D:4)
  A jackal zombie (D:6)
  9 kobolds
  3 kobold zombies (D:2)
  A quokka zombie (D:6)
  9 rats
164 creatures vanquished.

Notes
Turn   | Place    | Note
-------+----------+-------------------------------------------
     0 | D:1      | Dfrag the Demonspawn Fire Elementalist began the quest for the Orb.
     0 | D:1      | Reached XP level 1. HP: 13/13 MP: 3/3
   159 | D:1      | Gained mutation: You have large cloven feet. [demonic ancestry]
   159 | D:1      | Reached XP level 2. HP: 15/19 MP: 5/5
   659 | D:1      | Gained mutation: You are partially covered in slimy green scales. (AC +2) [demonic ancestry]
   659 | D:1      | Reached XP level 3. HP: 21/24 MP: 6/6
  1089 | D:2      | Found a runed door.
  1089 | D:2      | Noticed a human
  1100 | D:2      | Found a basalt altar of Yredelemnul.
  1167 | D:2      | Reached XP level 4. HP: 28/30 MP: 8/8
  1771 | D:3      | Learned a level 3 spell: Conjure Flame
  1778 | D:3      | Learned a level 4 spell: Sticky Flame
  1934 | D:3      | Reached XP level 5. HP: 25/35 MP: 7/9
  2573 | D:4      | Reached XP level 6. HP: 28/41 MP: 1/11
  2581 | D:4      | Noticed an orc warrior
  2623 | D:4      | Killed an orc warrior
  3339 | D:4      | Found a runed door.
  3429 | D:4      | Noticed Crazy Yiuf
  3432 | D:4      | Killed Crazy Yiuf
  3603 | D:5      | Entered Level 5 of the Dungeon
  3635 | D:5      | Reached XP level 7. HP: 41/46 MP: 4/13
  3715 | D:5      | Reached skill level 5 in Fire Magic
  4082 | D:5      | Found a staircase to the Ecumenical Temple.
  4138 | Temple   | Entered the Ecumenical Temple
  4203 | Temple   | Became a worshipper of Vehumet
  4267 | D:4      | Found an ancient bone altar of Kikubaaqudgha.
  4357 | D:5      | Reached skill level 5 in Spellcasting
  4357 | D:5      | Reached skill level 5 in Conjurations
  4397 | D:5      | Learned a level 5 spell: Fireball
  4407 | D:5      | Noticed Sigmund
  4411 | D:5      | Found a sparkling altar of Nemelex Xobeh.
  4416 | D:5      | Killed Sigmund
  4416 | D:5      | Gained mutation: When hurt, damage is shared between your health and your magic reserves. [demonic ancestry]
  4416 | D:5      | Reached XP level 8. HP: 25/52 MP: 6/15
  4702 | D:5      | Reached * piety under Vehumet
  4702 | D:5      | Offered knowledge of Freeze by Vehumet.
  4728 | D:5      | Found a shimmering altar of Xom.
  4851 | D:6      | Found an ornate altar of the Wu Jian Council.
  4900 | D:6      | Found Ynumiom's Food Emporium.
  5183 | D:6      | Found a stormy altar of Qazlal.
  5469 | D:6      | Found Ademp's Jewellery Shop.
  6290 | D:7      | Gained mutation: You are mostly covered in slimy green scales. (AC +3) [demonic ancestry]
  6290 | D:7      | Reached XP level 9. HP: 55/57 MP: 7/18
  6295 | D:7      | Offered knowledge of Shock by Vehumet.
  6312 | D:7      | Reached ** piety under Vehumet
  6414 | D:7      | Slain by a wyvern skeleton

Vault maps used:
D:1:      tarquinn_simple_flora_water_e, minmay_bisected
D:2:      first_bread, dk_yredelemnul_ordeal
D:4:      lemuel_upstairs_altar, guppyfry_early_orc_mine,
          uniq_crazy_yiuf_cottage
D:5:      cheibrodos_barr_body, nemelex_xobeh_ov_fountains_minmay,
          minmay_temple_entry_overgrown, tgw_xom, uniq_sigmund
D:6:      lemuel_coloured_pillars_altar, basic_altar, serial_shops,
          nicolae_shop_stone, shop
Temple:   eino_temple_scatter_basement

Skill      XL: |  1  2  3  4  5  6  7  8  9 |
---------------+----------------------------+-----
Fire Magic     | 3 4 5 6 7 |  7.0
Conjurations   | 2 3 4 5 6 7 |  7.0
Spellcasting   | 3 4 5 6 |  6.6
Dodging        | |  1.7
Stealth        | |  1.7

Action                   |  1- 3 |  4- 6 |  7- 9 || total
-------------------------+-------+-------+-------++-------
Melee: Short sword       |   102 |    67 |   177 ||   346
       Unarmed           |     4 |       |       ||     4
       Kick              |     9 |     7 |       ||    16
 Cast: Flame Tongue      |    14 |    67 |    78 ||   159
       Sticky Flame      |       |     4 |    15 ||    19
       Fireball          |       |       |     3 ||     3
  Use: Potion            |       |       |     2 ||     2
       Scroll            |       |       |     3 ||     3
 Stab: Sleeping          |     2 |       |     5 ||     7
  Eat: Chunk             |     1 |     7 |    13 ||    21
Armor: Robe              |    31 |    18 |    78 ||   127
Dodge: Dodged            |    83 |    91 |   117 ||   291

Table legend:
 A = Spawn XP
 B = Non-spawn XP
 C = Spawn XP percentage of total XP
 D = Spawn monster count
 E = Non-spawn monster count
 F = Spawn count percentage of total count
 G = Total turns spent on level
                    A         B        C        D         E        F      G
               +---------+---------+-------+---------+---------+-------+---------
         Total |       0 |    3144 |   0.0 |       0 |     164 |   0.0 |  6414
               +---------+---------+-------+---------+---------+-------+---------
           D:1 |       0 |      57 |   0.0 |       0 |      28 |   0.0 |   872
           D:2 |       0 |      49 |   0.0 |       0 |      25 |   0.0 |   616
           D:3 |       0 |     135 |   0.0 |       0 |      17 |   0.0 |   717
           D:4 |       0 |     477 |   0.0 |       0 |      27 |   0.0 |  1414
           D:5 |       0 |    1142 |   0.0 |       0 |      37 |   0.0 |  1247
           D:6 |       0 |     541 |   0.0 |       0 |      15 |   0.0 |  1028
           D:7 |       0 |     743 |   0.0 |       0 |      15 |   0.0 |   444
               +---------+---------+-------+---------+---------+-------+---------
